 Dungeon Crawl Stone Soup version 0.24.0-123-gd5b16e6ec5 (webtiles) character file.

Game seed: 13336500772043110324, levelgen mode: deterministic

2940 Descartes the Thaumaturge (level 9, -5/45 HPs)
             Began as a Deep Elf Air Elementalist on Jan 26, 2020.
             Slain by a two-headed ogre
             ... wielding a +0 giant club
              (15 damage)
             ... on level 8 of the Dungeon.
             The game lasted 00:30:06 (11763 turns).

Descartes the Thaumaturge (DEAE)                   Turns: 11763, Time: 00:30:07

Health: -5/45      AC:  7    Str:  5      XL:     9   Next: 51%
Magic:  11/23      EV: 10    Int: 26 (28) God:
Gold:   406        SH:  8    Dex: 11      Spells: 13/25 levels left

rFire    + . .     SeeInvis .   J - +0 rapier
rCold    . . .     Gourm    +   x - +0 shield
rNeg     + . .     Faith    .   I - +1 leather armour of Narcissism {rN+ MR+ Int+4 Dex-4}
rPois    +         Spirit   .   (no helmet)
rElec    .         Reflect  .   (no cloak)
rCorr    .         Harm     .   i - +0 pair of gloves
MR       +....                  Q - +1 pair of boots
Stlth    ++........             V - amulet of the gourmand
HPRegen  0.15/turn              A - ring of poison resistance
MPRegen  0.18/turn              D - ring of protection from fire

@: sluggish, very slow
A: no striking features
a: no special abilities


You were on level 8 of the Dungeon.
You were not hungry.

You visited 2 branches of the dungeon, and saw 8 of its levels.

You collected 406 gold pieces.

Inventory:

Hand Weapons
 l - a +0 hunting sling
 w - a +0 quarterstaff
 J - a +0 rapier (weapon)
Missiles
 b - 251 stones (quivered)
 n - 27 sling bullets
 p - 3 silver javelins
 r - 3 poisoned darts
 u - 153 arrows
 y - 19 bolts
 z - 8 javelins
 C - 2 throwing nets
 G - 4 large rocks
 M - 3 boomerangs
Armour
 i - a +0 pair of gloves (worn)
 t - +0 steam dragon scales
 x - a +0 shield (worn)
 I - the +1 leather armour of Narcissism (worn) {rN+ MR+ Int+4 Dex-4}
   (You found it on level 4 of the Dungeon)

   It affects your intelligence (+4).
   It affects your dexterity (-4).
   It protects you from negative energy.
   It affects your resistance to hostile enchantments.
 Q - a +1 pair of boots (worn)
 U - a +1 plate armour of fire resistance
Jewellery
 A - a ring of poison resistance (left hand)
 D - a ring of protection from fire (right hand)
 V - an amulet of the gourmand (around neck)
 W - an uncursed ring of protection from cold
Wands
 L - a wand of flame (19)
 S - a wand of iceblast (13)
Scrolls
 a - a scroll of blinking {unknown}
 e - 6 scrolls of teleportation
 f - a scroll of random uselessness {unknown}
 g - 6 scrolls of identify {unknown}
 j - 3 scrolls of enchant armour {unknown}
 o - a scroll of amnesia {unknown}
 v - a scroll of enchant weapon {unknown}
 B - 3 scrolls of fog {unknown}
 E - 3 scrolls of remove curse
 H - a scroll of magic mapping {unknown}
 N - 3 scrolls of vulnerability {unknown}
 O - a scroll of holy word {unknown}
 P - 2 scrolls of immolation {unknown}
 T - a scroll of acquirement {unknown}
Potions
 d - a potion of curing {unknown}
 h - 2 potions of magic {unknown}
 k - a potion of might {unknown}
 m - a potion of lignification {unknown}
 q - a potion of resistance {unknown}
 s - 4 potions of flight {unknown}
 F - a potion of haste {unknown}
 K - a potion of mutation {unknown}
 R - a potion of agility {unknown}
Comestibles
 c - 17 rations


   Skills:
 - Level 1.0 Armour
 - Level 4.0 Dodging
 - Level 4.0 Stealth
 * Level 4.4 Shields
 * Level 8.6 Spellcasting
 * Level 6.7 Conjurations
 - Level 5.0 Charms
 * Level 6.9 Air Magic


You had 13 spell levels left.
You knew the following spells:

 Your Spells              Type           Power        Failure   Level  Hunger
a - Shock                 Conj/Air       ####         1%          1    None
b - Swiftness             Chrm/Air       #####...     4%          2    None
c - Airstrike             Air            #####.....   19%         4    ##.....
d - Static Discharge      Conj/Air       #####...     6%          3    None
e - Sticks to Snakes      Tmut           ##......     45%         2    None

Your spell library contained the following spells:

 Spells                   Type           Power        Failure   Level  Hunger
 Beastly Appendage        Tmut           ##....       34%         1    None
 Lightning Bolt           Conj/Air       #####.....   50%         5    ####...
 Spider Form              Tmut/Pois      ##........   71%         3    None
 Ice Form                 Ice/Tmut       ##......     98%         4    ##.....
 Blade Hands              Tmut           ##........   100%        5    ####...


Dungeon Overview and Level Annotations

Branches:
Dungeon (8/15)             Temple (1/1) D:4
   Lair: D:8-11

Altars:
Ashenzari
Cheibriados
Dithmenos
Elyvilon
Fedhas
Gozag
Hepliaklqana
Kikubaaqudgha
Makhleb
Nemelex Xobeh
Okawaru
Qazlal
Ru
Sif Muna
Trog
Uskayaw
Wu Jian
Xom
Yredelemnul
Zin
The Shining One

Shops:
D:7 (

Annotations:
D:8 exclusion: orange crystal statue


Message History

Aiming: Shock (safe; 1% risk of failure)
Press: ? - help, Shift-Dir - straight line, f/p - two-headed ogre
Aim: a two-headed ogre, wielding two +0 giant clubs (severely wounded)
The zap hits the two-headed ogre.
The two-headed ogre is almost dead.
The two-headed ogre hits you with a +0 giant club!
The two-headed ogre hits you but does no damage.
Casting: Shock (safe; 1% risk of failure)
Confirm with . or Enter, or press ? or * to list all spells.
Aiming: Shock (safe; 1% risk of failure)
Press: ? - help, Shift-Dir - straight line, f/p - two-headed ogre
Aim: a two-headed ogre, wielding two +0 giant clubs (almost dead)
The zap hits the two-headed ogre!
The two-headed ogre is almost dead.
You block the two-headed ogre's attack.
The two-headed ogre hits you with a +0 giant club.
* * * LOW HITPOINT WARNING * * *
You see here a +0 spear.
The two-headed ogre hits you with a +0 giant club!
You die...

##......####...........#
#.......# #...........#
#.......# ###.........#
# #.......## ####......#
######....##..##
#.......####
.......######..##
##..........## ##...###
##..####.............
#...##
##).##..............
...##
##@##..............
..#####
##O...............
...#..#
##...............
..##..# #...............
...##'##
##...#######....
..##...# #..## ##.##
..'....# #..# ###
..)....# #.## ..##...#
#.# #


You could see a two-headed ogre.

Vanquished Creatures
  A steam dragon (D:7)
  A black bear (D:7)
  2 sky beasts
  2 orc warriors
  An ice beast (D:7)
  3 phantoms
  4 ogres
  A centaur (D:7)
  A big kobold (D:8)
  3 bullfrogs
  A wyvern zombie (D:8)
  4 killer bees (D:7)
  2 crimson imps (D:7)
  3 lava snakes (D:8)
  A bullfrog zombie (D:8)
  3 orc priests
  A gnoll shaman (D:8)
  5 hounds
  2 jellies
  3 iguanas
  An orc wizard (D:4)
  4 worker ants
  A hound zombie (D:5)
  10 gnolls
  6 adders
  3 shadow imps
  10 oozes
  An adder skeleton (D:4)
  An adder zombie (D:7)
  A worm (D:4)
  3 dart slugs
  4 leopard geckos
  20 orcs
  5 giant cockroaches
  9 goblins
  8 hobgoblins
  7 jackals
  16 kobolds
  4 quokkas
  6 ball pythons
  6 bats
  2 frilled lizards
  A quokka zombie (D:5)
  3 rats
176 creatures vanquished.

Vanquished Creatures (others)
  2 fungi (D:3)
  10 plants (D:4)
  5 toadstools (D:3)
17 creatures vanquished.

Grand Total: 193 creatures vanquished

Notes
Turn   | Place    | Note
-------+----------+-------------------------------------------
     0 | D:1      | Descartes the Deep Elf Air Elementalist began the quest for
                  | the Orb.
     0 | D:1      | Reached XP level 1. HP: 10/10 MP: 6/6
   258 | D:1      | Reached XP level 2. HP: 15/15 MP: 6/8
  1077 | D:1      | Reached XP level 3. HP: 19/19 MP: 4/9
  1660 | D:2      | Learned a level 2 spell: Swiftness
  1789 | D:2      | Found a faded altar of an unknown god.
  2124 | D:2      | Reached XP level 4. HP: 24/24 MP: 5/11
  2137 | D:2      | Learned a level 4 spell: Airstrike
  2517 | D:3      | Reached skill level 4 in Spellcasting
  2524 | D:3      | Reached skill level 1 in Charms
  2548 | D:2      | Reached XP level 5. HP: 18/28 MP: 1/13
  2743 | D:3      | Found a white marble altar of Elyvilon.
  2745 | D:3      | Found a hazy altar of Hepliaklqana.
  3879 | D:4      | Noticed a phantom
  4254 | D:4      | Reached XP level 6. HP: 25/32 MP: 9/15
  4731 | D:4      | Reached skill level 5 in Spellcasting
  4835 | D:4      | Reached skill level 1 in Armour
  4835 | D:4      | Reached skill level 1 in Shields
  5039 | D:4      | Got a bronze leather armour
  5050 | D:4      | Identified the cursed +1 leather armour of Narcissism {rN+
                  | MR+ Int+4 Dex-4} (You found it on level 4 of the Dungeon)
  5069 | D:4      | Learned a level 3 spell: Static Discharge
  5113 | D:4      | Reached XP level 7. HP: 15/36 MP: 11/16
  5344 | D:4      | Found a staircase to the Ecumenical Temple.
  5351 | Temple   | Entered the Ecumenical Temple
  6245 | D:5      | Entered Level 5 of the Dungeon
  6554 | D:5      | Found a bloodstained altar of Trog.
  6792 | D:5      | You fall into a shaft and drop 2 floors!
  6801 | D:7      | Reached skill level 5 in Air Magic
  6875 | D:7      | Reached skill level 6 in Spellcasting
  7058 | D:7      | Found a shimmering altar of Xom.
  7069 | D:7      | Found a snail-covered altar of Cheibriados.
  7099 | D:7      | Reached XP level 8. HP: 41/41 MP: 14/19
  7249 | D:7      | Found Lallisch's Weapon Emporium.
  7276 | D:7      | Learned a level 2 spell: Sticks to Snakes
  7368 | D:7      | Reached skill level 5 in Conjurations
  7807 | D:7      | Reached skill level 7 in Spellcasting
  8465 | D:7      | Reached XP level 9. HP: 45/45 MP: 12/22
  8851 | D:7      | Reached skill level 5 in Charms
  9660 | D:8      | Reached skill level 8 in Spellcasting
 10167 | D:8      | Found an iron altar of Okawaru.
 10644 | D:8      | Noticed an orange crystal statue
 10859 | D:8      | HP: 2/45 [orc warrior/cursed -3 scimitar (16)]
 11575 | D:8      | Noticed a two-headed ogre
 11763 | D:8      | Slain by a two-headed ogre

Levels and vault maps discovered:
D:1:      dpeg_arrival_morbid_curiosity, layout_basic
D:2:      layout_basic, chequers_ecumenical_altar_grove, hex_medium
D:3:      cheibrodos_fertilizer, layout_basic,
          chequers_temple_overflow_statue_of_worship
D:4:      layout_rooms, minmay_temple_entry_junction, kennysheep_boxes
D:5:      layout_gridville, vehumet_altar_wand_db, first_ration,
          minmay_misc_feat_secret_circle, trog_butcher_becter
D:7:      layout_basic, minitemple, serial_shops, shop,
          kennysheep_generic_room_12
D:8:      layout_cave_pods, okawaru_altar_gauntlet_db, blue_anna_alchemist
          [blue_anna_fruit_fields, blue_anna_fruit_fields],
          corexii_hall_statues_l, disabler_island
Temple:   eino_temple_scatter_basement

Skill      XL: |  1  2  3  4  5  6  7  8  9 |
---------------+----------------------------+-----
Conjurations   | 2 3 4 5 6 |  6.7
Stealth        | 3 4 |  4.0
Dodging        | 3 4 |  4.0
Spellcasting   | 4 5 6 7 8 |  8.6
Charms         | 1 2 3 4 5 |  5.0
Air Magic      | 4 5 6 |  6.9
Armour         | 1 |  1.0
Shields        | 1 2 3 4 |  4.4

Action                   |  1- 3 |  4- 6 |  7- 9 || total
-------------------------+-------+-------+-------++-------
Melee: Dagger            |       |    14 |       ||    14
       Rapier            |       |       |     9 ||     9
 Cast: Shock             |    75 |   139 |   346 ||   560
       Airstrike         |       |       |     7 ||     7
       Swiftness         |       |       |     1 ||     1
  Use: Scroll            |       |       |     3 ||     3
 Stab: Sleeping          |       |     1 |       ||     1
  Eat: Chunk             |     3 |     6 |    18 ||    27
       Ration            |       |     1 |     1 ||     2
Armor: Robe              |     1 |     1 |       ||     2
       Leather armour    |       |     9 |    30 ||    39
Dodge: Dodged            |    14 |    36 |    57 ||   107
Block: Shield            |       |     4 |    71 ||    75
